[Event "ICCopen2017"]
[Site "Internet Chess Club"]
[Date "2017.03.26"]
[Round "9"]
[White "TricksOnly"]
[Black "Sebs"]
[Result "1-0"]
[ICCResult "Black forfeits on time"]
[WhiteElo "2492"]
[BlackElo "2952"]
[Opening "French: Steinitz, Boleslavsky variation"]
[ECO "C11"]
[NIC "FR.04"]
[Time "20:41:54"]
[TimeControl "180+0"]

1. e4 e6 2. d4 d5 3. Nc3 Nf6 4. e5 Nfd7 5. f4 c5 6. Nf3 Nc6 7. Be3 h6 8. Qd2
g5 9. g3 g4 10. Ng1 cxd4 11. Bxd4 Nxd4 12. Qxd4 Bc5 13. Qd2 Qb6 14. Na4 Bf2+
15. Qxf2 Qb4+ 16. Qd2 Qe4+ 17. Ne2 Qxh1 18. O-O-O Qxh2 19. Qc3 a6 20. Nd4
O-O 21. Be2 b5 22. Nc5 Nxc5 23. Qxc5 Qxg3 24. Qc6 Qxf4+ 25. Kb1 Rb8 26. Qc3
Qxe5 27. Bxg4 Bb7 28. Re1 Qg7 29. Qe3 Qg5 30. Qf2 Kh8 31. Rh1 Qxg4 32. Rxh6+
Kg8 33. Rh1 Qg6 34. Rg1 Kh7 35. Rxg6 Kxg6 36. Qg3+ Kf6 37. Qh4+ Kg6 38. Nf3
f6 39. Qg3+ Kf7 40. Qc7+ Kg8 41. b4 Ba8 42. Qe7 e5 43. Qe6+ Kg7 44. Nh4 Rb7
45. Qg4+ Kh7 46. Qh5+ Kg8 47. Nf5 Rh7 48. Qg6+ Kh8 49. Kb2 Bb7 50. Nd6 d4
51. Nxb7 Rg7 52. Qh6+ Rh7 53. Qg6 Rxb7 54. Qe4 Rh7 55. Qd5 Rg7 56. Qd6 Rfg8
57. Qe6 Rh7 58. Qxf6+ Rhg7 59. Qxe5 {Black forfeits on time} 1-0

[Event "ICCopen2017"]
[Site "Internet Chess Club"]
[Date "2017.03.26"]
[Round "9"]
[White "Zephyr"]
[Black "Revolutions"]
[Result "0-1"]
[ICCResult "White checkmated"]
[WhiteElo "1613"]
[BlackElo "1803"]
[Opening "English, 1...Nf6 (Anglo-Indian defense)"]
[ECO "A15"]
[NIC "EO.64"]
[Time "20:42:18"]
[TimeControl "180+0"]

1. c4 Nf6 2. g3 e6 3. Bg2 Be7 4. Nf3 O-O 5. O-O c6 6. Nc3 d5 7. cxd5 cxd5 8.
d3 Nc6 9. a3 a6 10. b4 Bd7 11. Bb2 Rc8 12. Rc1 Re8 13. Na4 b5 14. Nc5 Bxc5
15. Rxc5 e5 16. Qc2 e4 17. dxe4 Nxe4 18. Rxd5 Nxb4 19. Qd1 Nxd5 20. Qxd5 Bc6
21. Qf5 Qd5 22. Qg4 f6 23. Nh4 Qg5 24. Qxg5 Nxg5 25. Nf5 Bxg2 26. Kxg2 Rxe2
27. Bd4 Rcc2 28. Be3 g6 29. Ne7+ Kf7 30. Nd5 Ke6 31. Nf4+ Kf7 32. Nxe2 Rxe2
33. Rd1 Ra2 34. Bc5 Ne4 35. Bb4 Nxf2 36. Rd7+ Ke6 37. Rd6+ Kf5 38. Kf3 Nh1
39. h4 Rf2+ 40. Ke3 Rc2 41. Kf3 Rf2+ 42. Ke3 Rc2 43. Kf3 g5 44. h5 g4+ 45.
Ke3 Nxg3 46. Rd5+ Ke6 47. Rd6+ Kf7 48. Rxa6 Nf5+ 49. Kf4 g3 50. Ra7+ Ke6 51.
Rxh7 Rf2+ 52. Ke4 g2 53. Bc5 g1=Q 54. Bxf2 Qxf2 55. Kd3 Qe3+ 56. Kc2 Nd4+
57. Kb2 Qb3+ 58. Kc1 Qc2# {White checkmated} 0-1

[Event "ICCopen2017"]
[Site "Internet Chess Club"]
[Date "2017.03.26"]
[Round "9"]
[White "garompon"]
[Black "charlestehace"]
[Result "0-1"]
[ICCResult "White checkmated"]
[WhiteElo "2597"]
[BlackElo "2895"]
[Opening "Sicilian: Canal-Sokolsky (Nimzovich-Rossolimo, Moscow) attack"]
[ECO "B51"]
[NIC "SI.01"]
[Time "20:42:13"]
[TimeControl "180+0"]

1. e4 c5 2. Nf3 d6 3. Bb5+ Nd7 4. O-O a6 5. Bd3 Ngf6 6. Re1 b6 7. c3 Bb7 8.
Bc2 g6 9. d4 cxd4 10. cxd4 Bg7 11. Nc3 O-O 12. h3 b5 13. a3 Rc8 14. Bg5 h6
15. Bh4 Nh5 16. Bb3 Nb6 17. Rc1 Nc4 18. Rc2 Nxb2 19. Rxb2 Rxc3 20. Qd2 Rc7
21. a4 Qa8 22. Qe3 b4 23. a5 Rc3 24. Qe2 Nf4 25. Qd2 g5 26. Bxg5 hxg5 27.
Nxg5 Nd3 28. e5 Bxg2 29. Qd1 Nxe1 30. Qxe1 Bh6 31. h4 Bd5 32. Bc2 Bxg5 33.
hxg5 Rh3 34. f3 Bxf3 35. Qe3 Qc6 36. Qd3 Kg7 37. e6 f5 38. d5 Qc5+ 39. Kf1
Rh1# {White checkmated} 0-1

[Event "ICCopen2017"]
[Site "Internet Chess Club"]
[Date "2017.03.26"]
[Round "9"]
[White "Voltage"]
[Black "Harmony1957"]
[Result "1/2-1/2"]
[ICCResult "Game drawn by repetition"]
[WhiteElo "2471"]
[BlackElo "2335"]
[Opening "Queen's Indian: old main line, 9.Qxc3"]
[ECO "E19"]
[NIC "QI.07"]
[Time "20:42:25"]
[TimeControl "180+0"]

1. d4 Nf6 2. c4 e6 3. Nf3 b6 4. g3 Bb7 5. Bg2 Be7 6. Nc3 Ne4 7. Qc2 Nxc3 8.
Qxc3 O-O 9. O-O Bf6 10. Qc2 d5 11. Bf4 Na6 12. Be5 c5 13. dxc5 Nxc5 14. cxd5
Bxd5 15. Rad1 Rc8 16. Qb1 Bxe5 17. Nxe5 Qf6 18. Bxd5 Qxe5 19. Bf3 Rfd8 20.
Rxd8+ Rxd8 21. Rd1 Rxd1+ 22. Qxd1 g6 23. b3 Kg7 24. Qd2 Qc7 25. h4 h6 26.
Qc3+ e5 27. Bd5 Ne6 28. Qb2 Qd6 29. Bxe6 Qxe6 30. Qd2 Qc6 31. Qe3 Qd5 32.
Qc3 Qd1+ 33. Kg2 Qxe2 34. Qc7 Qe4+ 35. Kg1 Qb1+ 36. Kg2 Qxa2 37. Qxe5+ Kg8
38. Qe8+ Kg7 39. Qe5+ Kh7 40. Qd5 Kg8 41. h5 gxh5 42. Qd8+ Kh7 43. Qd3+ Kg8
44. Qd8+ Kg7 45. Qd4+ Kg6 46. Qe4+ Kf6 47. Qf4+ Ke7 48. Qe4+ Kd6 49. Qd4+
Kc6 50. Qc4+ Kd6 51. Qd4+ Kc7 52. Qc4+ Kb7 53. Qxf7+ Ka6 54. Qc4+ Kb7 55.
Qd5+ Kc7 56. Qf7+ Kc6 57. Qc4+ Kb7 58. Qd5+ Kc7 59. Qf7+ Kc6 60. Qe6+ Kb7
61. Qd5+ Kc7 {Game drawn by repetition} 1/2-1/2

[Event "ICCopen2017"]
[Site "Internet Chess Club"]
[Date "2017.03.26"]
[Round "9"]
[White "santaneco1"]
[Black "epithetos"]
[Result "1/2-1/2"]
[ICCResult "Black stalemated"]
[WhiteElo "1676"]
[BlackElo "1395"]
[Opening "Sicilian: Najdorf"]
[ECO "B90"]
[NIC "SI.14"]
[Time "20:42:31"]
[TimeControl "180+0"]

1. e4 c5 2. Nf3 d6 3. d4 cxd4 4. Nxd4 Nf6 5. Nc3 a6 6. Bd3 e6 7. O-O b5 8.
a3 Qc7 9. Kh1 Bb7 10. Qe1 Nbd7 11. f4 Nc5 12. Nf3 Nxd3 13. cxd3 Be7 14. Be3
O-O 15. h3 Rac8 16. Rc1 Qa5 17. Qf2 d5 18. Bb6 Bc5 19. Bxa5 Bxf2 20. Rxf2
dxe4 21. dxe4 Nxe4 22. Rfc2 Ng3+ 23. Kh2 Nf5 24. Ne2 Rce8 25. Bb4 Ne7 26.
Rc7 Bxf3 27. gxf3 Nd5 28. Bxf8 Nxc7 29. Rxc7 Rxf8 30. Nc3 Rd8 31. Rc6 b4 32.
axb4 h5 33. Ne4 h4 34. Rxa6 f5 35. Nc3 Rd2+ 36. Kg1 Rxb2 37. b5 Rb3 38. Rc6
Ra3 39. Kf2 Rb3 40. Ke3 Kh7 41. Kd4 Kg6 42. Rxe6+ Kf7 43. Rc6 Rb2 44. Rc7+
Kf6 45. b6 Rxb6 46. Nd5+ Kg6 47. Nxb6 Kf6 48. Nd5+ Ke6 49. Rxg7 Kd6 50. Rh7
Ke6 51. Rxh4 Kf7 52. Rh6 Kg7 53. Rf6 Kg8 54. Rxf5 Kg7 55. Rg5+ Kh6 56. h4
Kh7 57. Ke5 Kh8 58. h5 Kh7 59. Kf5 Kh6 60. Kg4 Kh7 61. Rg6 Kh8 62. Kg5 Kh7
63. h6 Kh8 64. Rg7 {Black stalemated} 1/2-1/2

[Event "ICCopen2017"]
[Site "Internet Chess Club"]
[Date "2017.03.26"]
[Round "9"]
[White "RdgMx"]
[Black "Bonao"]
[Result "0-1"]
[ICCResult "White checkmated"]
[WhiteElo "1843"]
[BlackElo "2026"]
[Opening "Queen's pawn game"]
[ECO "D02"]
[NIC "QP.08"]
[Time "20:41:58"]
[TimeControl "180+0"]

1. d4 d5 2. Nf3 c6 3. c3 Nf6 4. Bf4 Bf5 5. e3 e6 6. Nbd2 Bd6 7. Ne5 Qe7 8.
Be2 Nbd7 9. Nxd7 Qxd7 10. Bxd6 Qxd6 11. Nf3 O-O 12. O-O h6 13. Ne5 c5 14. f4
cxd4 15. exd4 Ne4 16. Bd3 Rac8 17. Re1 a6 18. Rc1 b5 19. a3 Rc7 20. Bb1 a5
21. Nd3 Rfc8 22. Nf2 Nxf2 23. Kxf2 Qxf4+ 24. Kg1 Bxb1 25. Rxb1 b4 26. Rf1
Qg5 27. cxb4 axb4 28. a4 Rc2 29. Qf3 f5 30. Rf2 Rc1+ 31. Rf1 Rxf1+ 32. Rxf1
Rc2 33. Rf2 Rxf2 34. Kxf2 Qd2+ 35. Kg3 Qxd4 36. Qe2 e5 37. h3 f4+ 38. Kh2 e4
39. Qc2 f3 40. Qc8+ Kf7 41. Qd7+ Kf6 42. Qd6+ Kf7 43. Qd7+ Kg6 44. Qe6+ Kh7
45. Qf5+ g6 46. Qd7+ Kg8 47. Qe8+ Kg7 48. Qe7+ Kh8 49. Qf8+ Kh7 50. Qf7+ Qg7
51. Qxd5 f2 52. Qd1 e3 53. g3 Qf6 54. Kg2 Qe5 55. Qe2 Qe4+ 56. Kh2 Qb1 57.
h4 Qg1+ 58. Kh3 f1=Q+ 59. Qxf1 Qxf1+ 60. Kg4 e2 61. h5 e1=Q 62. hxg6+ Kxg6
63. a5 Qf5+ 64. Kh4 Qh1# {White checkmated} 0-1

[Event "ICCopen2017"]
[Site "Internet Chess Club"]
[Date "2017.03.26"]
[Round "9"]
[White "simplerxiao"]
[Black "Wage-slave"]
[Result "1-0"]
[ICCResult "Black forfeits on time"]
[WhiteElo "1967"]
[BlackElo "1742"]
[Opening "Old Benoni: Franco-Benoni defense"]
[ECO "C01"]
[NIC "FR.01"]
[Time "20:42:04"]
[TimeControl "180+0"]

1. e4 e6 2. d4 c5 3. d5 exd5 4. exd5 d6 5. Nc3 Nf6 6. Nf3 Be7 7. Nd2 a6 8.
Be2 b5 9. O-O O-O 10. Bf3 Bb7 11. Nde4 Nbd7 12. Bf4 Nxe4 13. Nxe4 Nf6 14.
Ng3 Re8 15. Qd2 Qd7 16. Rfe1 a5 17. Re2 Bf8 18. Rae1 Rxe2 19. Rxe2 a4 20. a3
Be7 21. Rxe7 Qxe7 22. Nf5 Qd7 23. Nxd6 Ba6 24. Be5 Ne8 25. Ne4 Rc8 26. h3 f5
27. Ng3 Bb7 28. Qd3 g6 29. Bc3 Nd6 30. h4 Qf7 31. h5 Re8 32. Qd2 Bc8 33. Qf4
Rd8 34. Qe5 Kf8 35. h6 Re8 36. Qxd6+ Qe7 37. Bg7+ Kf7 38. Qxe7+ Rxe7 39. d6
Rd7 40. Bd5+ Ke8 41. Bc6 Kd8 42. Bf6+ Ke8 43. Bxb5 f4 44. Ne4 Kf7 45. Ng5+
Kxf6 46. Bxd7 Bxd7 47. Nxh7+ Kf5 48. Nf8 {Black forfeits on time} 1-0

[Event "ICCopen2017"]
[Site "Internet Chess Club"]
[Date "2017.03.26"]
[Round "9"]
[White "DetectiveStark"]
[Black "tirandopiezas"]
[Result "1-0"]
[ICCResult "Black forfeits on time"]
[WhiteElo "2479"]
[BlackElo "2014"]
[Opening "Réti: King's Indian attack"]
[ECO "A05"]
[NIC "QP.11"]
[Time "20:42:37"]
[TimeControl "180+0"]

1. Nf3 Nf6 2. g3 g6 3. Bg2 Bg7 4. O-O O-O 5. c4 d6 6. Nc3 Bg4 7. d3 Qd7 8.
Re1 Bh3 9. Bh1 h6 10. Rb1 Ng4 11. Bd2 Nc6 12. b4 e5 13. b5 Nd4 14. Nxd4 exd4
15. Nd5 g5 16. a4 f5 17. a5 f4 18. Bf3 fxg3 19. fxg3 Ne5 20. Be4 Qf7 21. Rf1
Bxf1 22. Qxf1 Qd7 23. Qg2 Ng4 24. Qh3 Rae8 25. Bf3 Ne5 26. Qxd7 Nxd7 27.
Nxc7 Rc8 28. Ne6 Rxf3 29. exf3 Be5 30. f4 gxf4 31. Nxf4 Nc5 32. Rd1 a6 33.
bxa6 bxa6 34. Nd5 Rb8 35. Bb4 Ne6 36. Re1 Kg7 37. Bxd6 Bxd6 38. Rxe6 Bb4 39.
Rxa6 Bd2 40. Kg2 Rb2 41. Kh3 Rb3 42. Rb6 Rxd3 43. a6 Be3 44. a7 Ra3 45. Rb7+
Kg6 46. Nc7 {Black forfeits on time} 1-0

[Event "ICCopen2017"]
[Site "Internet Chess Club"]
[Date "2017.03.26"]
[Round "9"]
[White "DOCA"]
[Black "nadalthegreat"]
[Result "0-1"]
[ICCResult "White resigns"]
[WhiteElo "1802"]
[BlackElo "2046"]
[Opening "King's Indian: Sämisch, 5...O-O"]
[ECO "E81"]
[NIC "KI.54"]
[Time "20:42:29"]
[TimeControl "180+0"]

1. d4 Nf6 2. c4 g6 3. Nc3 Bg7 4. e4 d6 5. f3 O-O 6. Be3 c5 7. Nge2 Nc6 8.
Qd2 Re8 9. Rd1 cxd4 10. Nxd4 Bd7 11. Be2 Rc8 12. O-O Ne5 13. b3 a6 14. Rc1
Nc6 15. Rfd1 Nxd4 16. Bxd4 Bc6 17. Nd5 Bxd5 18. cxd5 Qd7 19. a4 h5 20. h3
Kh7 21. Qe3 Bh6 22. f4 e5 23. dxe6 Qxe6 24. Rxc8 Rxc8 25. Bc4 Qxe4 26. Qxe4
Nxe4 27. Bxf7 Bxf4 28. Bd5 Nc3 29. Bxc3 Rxc3 30. Bxb7 a5 31. Bd5 Kg7 32. Rf1
Be5 33. Rf3 Rc1+ 34. Kf2 Rc2+ 35. Kf1 Bd4 36. Rf7+ Kh6 37. Rf4 Be5 38. Rf7
Rc5 39. Ke2 Rxd5 40. Ra7 Bc3 41. Ke3 Bd4+ 42. Ke4 Bxa7 43. Kxd5 Bc5 44. g4
hxg4 45. hxg4 Kg5 46. Kc4 Kxg4 47. Kb5 Bb4 48. Kc6 Kf5 49. Kd5 g5 50. Kd4 g4
51. Kd3 Kf4 52. Ke2 g3 53. Kf1 Kf3 54. Kg1 g2 55. Kh2 Kf2 56. Kh3 g1=Q 57.
Kh4 Kf3 58. Kh5 Kf4 59. Kh6 Kf5 {White resigns} 0-1

[Event "ICCopen2017"]
[Site "Internet Chess Club"]
[Date "2017.03.26"]
[Round "9"]
[White "arshavin2015"]
[Black "Unico"]
[Result "0-1"]
[ICCResult "White checkmated"]
[WhiteElo "1982"]
[BlackElo "2457"]
[Opening "Sicilian: closed, 6.Be3"]
[ECO "B26"]
[NIC "SI.45"]
[Time "20:42:01"]
[TimeControl "180+0"]

1. e4 g6 2. Nc3 Bg7 3. g3 c5 4. Bg2 Nc6 5. d3 d6 6. Be3 Nf6 7. h3 O-O 8. Qd2
Re8 9. Bh6 Bh8 10. Nge2 Rb8 11. O-O b5 12. f4 Nd4 13. Kh2 b4 14. Nd1 Bg4 15.
Ng1 a5 16. Ne3 Bd7 17. g4 Bc6 18. Rf2 a4 19. Raf1 e6 20. Ne2 Rb7 21. Ng3 b3
22. axb3 axb3 23. c3 Nc2 24. Nxc2 bxc2 25. Qxc2 Nxg4+ 26. hxg4 Qh4+ 27. Bh3
Qxh6 28. f5 Be5 29. Kg2 Reb8 30. fxe6 fxe6 31. Qe2 Rxb2 32. Qf3 Rxf2+ 33.
Rxf2 Rf8 34. Qxf8+ Qxf8 35. Rxf8+ Kxf8 36. Ne2 c4 37. dxc4 Bxe4+ 38. Kf2 Bd3
39. Ke3 Bxc4 40. Bg2 Bxe2 41. Kxe2 Bxc3 42. Kd3 Bf6 43. Ke4 Ke7 44. Kf4 d5
45. Ke3 Bg5+ 46. Kd4 Kd6 47. Kd3 h5 48. Bf3 h4 49. Bg2 Bf4 50. Kd4 e5+ 51.
Kd3 e4+ 52. Kd4 g5 53. Bh3 Bh2 54. Bg2 Bg1+ 55. Kc3 Ke5 56. Kd2 d4 57. Ke2
d3+ 58. Kf1 Bh2 59. Ke1 Kd4 60. Kd2 e3+ 61. Kd1 e2+ 62. Kd2 Bf4+ 63. Ke1 Ke3
64. Be4 Bg3# {White checkmated} 0-1

[Event "ICCopen2017"]
[Site "Internet Chess Club"]
[Date "2017.03.26"]
[Round "9"]
[White "ChessOlympian"]
[Black "CapitanCentella"]
[Result "1-0"]
[ICCResult "Black resigns"]
[WhiteElo "1636"]
[BlackElo "1789"]
[Opening "Caro-Kann: closed (Breyer) variation"]
[ECO "B10"]
[NIC "CK.01"]
[Time "20:42:13"]
[TimeControl "180+0"]

1. e4 c6 2. d3 d5 3. Nd2 dxe4 4. dxe4 e5 5. Ngf3 Qc7 6. a4 Bg4 7. Bc4 h6 8.
O-O Nf6 9. h3 Bh5 10. c3 Nbd7 11. Qc2 Nb6 12. Bb3 a5 13. Re1 Be7 14. Nh2 O-O
15. Nc4 Nxc4 16. Bxc4 Rad8 17. Be3 b6 18. f3 Bg6 19. Ng4 Nxg4 20. hxg4 Kh7
21. Red1 Bh4 22. Rxd8 Rxd8 23. Rd1 Rxd1+ 24. Qxd1 Be7 25. Qd2 f6 26. Qf2 c5
27. Qd2 Be8 28. Qd5 Qd7 29. Qg8+ Kg6 30. Kh2 Qd8 31. Be6 f5 32. Bxf5+
{Black resigns}
1-0

[Event "ICCopen2017"]
[Site "Internet Chess Club"]
[Date "2017.03.26"]
[Round "9"]
[White "Baerenstarker"]
[Black "Synapse"]
[Result "1-0"]
[ICCResult "Black forfeits on time"]
[WhiteElo "1838"]
[BlackElo "1505"]
[Opening "Catalan: open, classical line"]
[ECO "E05"]
[NIC "CA.05"]
[Time "20:41:48"]
[TimeControl "180+0"]

1. d4 Nf6 2. c4 e6 3. g3 Be7 4. Bg2 d5 5. Nf3 dxc4 6. O-O O-O 7. Qc2 Nc6 8.
Qxc4 Qd5 9. Qd3 Nb4 10. Qd1 c5 11. a3 Nc6 12. Nc3 Qh5 13. Be3 Ng4 14. d5
Nxe3 15. fxe3 exd5 16. Nxd5 Be6 17. Nxe7+ Nxe7 18. Qd6 Nd5 19. Qxc5 Rfd8 20.
Rac1 b6 21. Qb5 Qh6 22. Nd4 Nxe3 23. Nxe6 Qxe6 24. Bxa8 Nxf1 25. Rxf1 Rxa8
26. Rd1 Qe3+ 27. Kg2 h5 28. Qd3 Qe5 29. Qf3 Re8 30. Rd2 h4 31. gxh4 Qc5 32.
e4 Qc1 33. Rf2 Qh6 34. Qxf7+ Kh7 35. Qxe8 Qxh4 36. Qe5 Qg4+ 37. Qg3 Qxe4+
38. Qf3 Qg6+ 39. Kh1 Qb1+ 40. Rf1 Qxb2 41. Qf5+ Kh8 42. Qh5+ Kg8 43. Qe8+
Kh7 44. Qe4+ Kg8 45. Qf3 Qe5 46. Qf7+ Kh7 47. Qf5+ Qxf5 48. Rxf5 Kg6 49. Rd5
{Black forfeits on time}
1-0

[Event "ICCopen2017"]
[Site "Internet Chess Club"]
[Date "2017.03.26"]
[Round "9"]
[White "Djukanyc"]
[Black "FiveCardDraw"]
[Result "0-1"]
[ICCResult "White forfeits on time"]
[WhiteElo "1785"]
[BlackElo "1546"]
[Opening "French: advance, Milner-Barry gambit"]
[ECO "C02"]
[NIC "FR.03"]
[Time "20:42:13"]
[TimeControl "180+0"]

1. e4 e6 2. d4 d5 3. e5 c5 4. c3 Qb6 5. Nf3 Nc6 6. Bd3 cxd4 7. cxd4 Bd7 8.
O-O Nxd4 9. Nbd2 Nxf3+ 10. Nxf3 Ne7 11. Ng5 h6 12. Qh5 g6 13. Qh3 Bg7 14.
Nf3 Nc6 15. Qg4 Nxe5 16. Nxe5 Bxe5 17. Bxg6 Rg8 18. Bxf7+ Kxf7 19. Qh5+ Ke7
20. Qxh6 Qd6 21. Bg5+ Ke8 22. Qh5+ Kf8 23. Rfe1 Bxh2+ 24. Kh1 Be5 25. Bh6+
Bg7 26. Qg6 Bxh6 27. Qxh6+ Ke7 28. Qh7+ Kf8 29. Re3 Rg5 30. Qh6+ Rg7 31. Rg3
Qe7 32. Qh8+ Kf7 33. Rxg7+ Kf6 34. Rg4+ Kf5 35. Qh5+ Kf6 36. Rg6+ Kf7 37.
Qh7+ Ke8 38. Rg8+ Qf8 {White forfeits on time} 0-1

[Event "ICCopen2017"]
[Site "Internet Chess Club"]
[Date "2017.03.26"]
[Round "9"]
[White "Kusox"]
[Black "beaupre"]
[Result "1/2-1/2"]
[ICCResult "Game drawn because neither player has mating material"]
[WhiteElo "2099"]
[BlackElo "1838"]
[Opening "King's Indian: 3.g3"]
[ECO "E60"]
[NIC "KI.79"]
[Time "20:42:35"]
[TimeControl "180+0"]

1. d4 Nf6 2. c4 g6 3. g3 Bg7 4. Bg2 O-O 5. Nf3 d6 6. O-O Nc6 7. b3 Bg4 8.
Bb2 a5 9. Nc3 Re8 10. Qd2 Rb8 11. h3 Bxf3 12. Bxf3 e5 13. Bxc6 bxc6 14. d5
Qd7 15. Kg2 Nh5 16. e4 f5 17. exf5 gxf5 18. dxc6 Qxc6+ 19. Qd5+ Qxd5+ 20.
Nxd5 c6 21. Ne3 f4 22. Nf5 fxg3 23. fxg3 d5 24. g4 Nf4+ 25. Rxf4 exf4 26.
Bxg7 Re2+ 27. Kf3 Rbe8 28. cxd5 cxd5 29. Kxf4 Rf2+ 30. Kg5 Rxf5+ 31. gxf5
Kxg7 32. Rc1 d4 33. Rc7+ Kg8 34. Rd7 Re3 35. Kf6 h5 36. h4 d3 37. Kg6 Kf8
38. f6 Ke8 39. Rd4 Rg3+ 40. Kxh5 Kf7 41. a3 Kxf6 42. b4 axb4 43. axb4 Ke5
44. Rd8 Ke4 45. b5 Rg1 46. Kh6 Rb1 47. h5 Rxb5 48. Kg6 Ke3 49. h6 Rb4 50. h7
Rh4 51. h8=Q Rxh8 52. Rxh8 d2 53. Re8+ Kf2 54. Rf8+ Ke1 55. Re8+ Kd1 56. Kf5
Kc2 57. Rc8+ Kd1 58. Ke4 Ke2 59. Rd8 d1=Q 60. Rxd1 Kxd1
{Game drawn because neither player has mating material}
1/2-1/2

[Event "ICCopen2017"]
[Site "Internet Chess Club"]
[Date "2017.03.26"]
[Round "9"]
[White "mrneale"]
[Black "fairplay"]
[Result "0-1"]
[ICCResult "White forfeits on time"]
[WhiteElo "1140"]
[BlackElo "1272"]
[Opening "Sicilian: Alapin's variation (2.c3)"]
[ECO "B22"]
[NIC "SI.46"]
[Time "20:42:35"]
[TimeControl "180+0"]

1. e4 c5 2. c3 Nc6 3. d4 cxd4 4. cxd4 d6 5. d5 Ne5 6. Nf3 Ng6 7. Bb5+ Bd7 8.
Bxd7+ Qxd7 9. O-O Nf6 10. h3 h6 11. Nc3 e6 12. Qa4 a6 13. Qxd7+ Kxd7 14.
dxe6+ fxe6 15. Be3 Be7 16. Na4 Raf8 17. Nb6+ Ke8 18. Rac1 Kf7 19. Bd4 e5 20.
Bc3 Nxe4 21. Nd5 Nxc3 22. Rxc3 Ke6 23. Rd1 Rc8 24. Rxc8 Rxc8 25. Nc3 b5 26.
a3 Rc4 27. Nd2 Rd4 28. Nb3 Rxd1+ 29. Nxd1 d5 30. Na5 d4 31. Kf1 Nf4 32. g3
Nd3 33. Ke2 e4 34. f3 Nc5 35. fxe4 Nxe4 36. Kd3 Nxg3 37. Kxd4 Nf5+ 38. Ke4
Nd6+ 39. Kd4 Bf6+ 40. Kd3 Kd5 41. Nc3+ Ke5 42. Nc6+ Kf4 43. Ne2+ Kf3
{White forfeits on time}
0-1

[Event "ICCopen2017"]
[Site "Internet Chess Club"]
[Date "2017.03.26"]
[Round "9"]
[White "xvs"]
[Black "hgarjur"]
[Result "1-0"]
[ICCResult "Black resigns"]
[WhiteElo "1724"]
[BlackElo "1857"]
[Opening "Sicilian: Canal-Sokolsky (Nimzovich-Rossolimo, Moscow) attack"]
[ECO "B51"]
[NIC "SI.01"]
[Time "20:42:34"]
[TimeControl "180+0"]

1. e4 c5 2. Nf3 d6 3. Bb5+ Nd7 4. O-O a6 5. Bd3 b5 6. c3 c4 7. Bc2 Bb7 8.
Re1 Ngf6 9. a4 Rb8 10. d3 cxd3 11. Bxd3 Nc5 12. axb5 Nxd3 13. Qxd3 axb5 14.
Qxb5+ Nd7 15. Qd3 Nc5 16. Qc2 g6 17. Na3 Bg7 18. b4 Ne6 19. Be3 O-O 20. Nd4
Qd7 21. Nab5 Rfc8 22. Qb1 Bxe4 23. Qxe4 Rxb5 24. Nxb5 Qxb5 25. Rec1 Rxc3 26.
Rxc3 Bxc3 27. Rb1 Bf6 28. Bh6 Bg7 29. Qa8+ Nf8 30. Be3 d5 31. Bc5 e5 32.
Qxd5 Qe2 33. Be3 h6 34. b5 Ne6 35. b6 Qc2 36. Qb3 Qc8 37. b7 Qb8 38. Ba7 Nd4
39. Bxb8 Nxb3 40. Bxe5 Bxe5 41. Rxb3 Kg7 42. Rb5 Bb8 43. Ra5 Bd6 44. Ra8 f5
45. b8=Q Bxb8 46. Rxb8 Kf6 47. g3 g5 48. Kg2 f4 49. Rb6+ Kg7 50. gxf4 gxf4
51. Kf3 h5 52. Kxf4 Kf7 53. Kf5 h4 54. Rb7+ Ke8 55. Ke6 Kd8 56. Kd6 Kc8 57.
Rh7 Kb8 58. Kc6 Ka8 59. Kb6 Kb8 {Black resigns} 1-0

[Event "ICCopen2017"]
[Site "Internet Chess Club"]
[Date "2017.03.26"]
[Round "9"]
[White "Kalmyk"]
[Black "unkavalo"]
[Result "1-0"]
[ICCResult "Black forfeits on time"]
[WhiteElo "2795"]
[BlackElo "2477"]
[Opening "Queen's pawn: Torre attack"]
[ECO "A46"]
[NIC "QP.04"]
[Time "20:42:44"]
[TimeControl "180+0"]

1. d4 Nf6 2. Nf3 e6 3. Bg5 c5 4. e3 Qb6 5. Nbd2 Qxb2 6. Bxf6 gxf6 7. Be2 Nc6
8. O-O cxd4 9. Rb1 Qxa2 10. exd4 d5 11. c4 b6 12. Ra1 Qb2 13. cxd5 exd5 14.
Rb1 Qa3 15. Bb5 Bd7 16. Re1+ Be7 17. Rb3 Qd6 18. Rbe3 Be6 19. Nh4 O-O 20.
Qh5 Nxd4 21. Bd3 f5 22. Rh3 Rfc8 23. Nxf5 Bxf5 24. Bxf5 Qf6 25. Bxc8 Rxc8
26. Qg4+ Qg5 27. Qxc8+ {Black forfeits on time} 1-0

[Event "ICCopen2017"]
[Site "Internet Chess Club"]
[Date "2017.03.26"]
[Round "9"]
[White "sirknight7"]
[Black "BillietheKid"]
[Result "1-0"]
[ICCResult "Black forfeits on time"]
[WhiteElo "1061"]
[BlackElo "1383"]
[Opening "French defense"]
[ECO "C11"]
[NIC "FR.04"]
[Time "20:42:15"]
[TimeControl "180+0"]

1. e4 e6 2. d4 d5 3. Nc3 Nf6 4. Qe2 Be7 5. a3 c6 6. Bd2 O-O 7. O-O-O b5 8.
b4 a5 9. e5 Nfd7 10. Nb1 axb4 11. Bxb4 Bxb4 12. axb4 Na6 13. c3 Nb6 14. Rd2
Nc4 15. Ra2 Bb7 16. Qc2 Qg5+ 17. Nd2 Nc7 18. Nf3 Qf4 19. Bxc4 bxc4 20. g3
Qh6 21. Kb2 Nb5 22. h4 Rxa2+ 23. Kxa2 Ra8+ 24. Kb2 f6 25. Ra1 Rxa1 26. Kxa1
fxe5 27. Nxe5 Qf6 28. Ndf3 h6 29. g4 Qf4 30. g5 hxg5 31. hxg5 Qf5 32. Kb2 g6
33. Qxf5 gxf5 34. Nd7 Bc8 35. Nf6+ Kg7 36. Kc2 Kg6 37. Kd2 Bb7 38. Kc2 Na3+
39. Kb2 Nb5 40. Kc2 Bc8 41. Kd2 Na3 42. Kc1 Nb5 43. Kb2 Bb7 44. Kc2 Bc8 45.
Kd2 Bb7 46. Kc1 {Black forfeits on time} 1-0

[Event "ICCopen2017"]
[Site "Internet Chess Club"]
[Date "2017.03.26"]
[Round "9"]
[White "Massada"]
[Black "Eigeneier"]
[Result "0-1"]
[ICCResult "White forfeits on time"]
[WhiteElo "1525"]
[BlackElo "1865"]
[Opening "Sicilian: Scheveningen variation"]
[ECO "B80"]
[NIC "SI.19"]
[Time "20:42:35"]
[TimeControl "180+0"]

1. e4 c5 2. Nf3 e6 3. d4 cxd4 4. Nxd4 Nf6 5. Nc3 d6 6. Be3 a6 7. f3 Qc7 8.
Qd2 Be7 9. O-O-O Nc6 10. g4 b5 11. g5 Nd7 12. Bh3 Nde5 13. Bf1 Nxd4 14. Qxd4
Bb7 15. Be2 Rc8 16. Rd2 O-O 17. h4 Nc4 18. Bxc4 Qxc4 19. h5 b4 20. Ne2 Qxd4
21. Nxd4 Rfd8 22. g6 d5 23. gxh7+ Kxh7 24. h6 g6 25. Bf4 dxe4 26. Be5 exf3
27. Rf1 Bg5 28. Nxf3 Bxf3 29. Rxf3 Rxd2 30. Rxf7+ Kxh6 {White forfeits on
time} 0-1

[Event "ICCopen2017"]
[Site "Internet Chess Club"]
[Date "2017.03.26"]
[Round "9"]
[White "larso"]
[Black "Buscapina"]
[Result "0-1"]
[ICCResult "White resigns"]
[WhiteElo "2599"]
[BlackElo "2260"]
[Opening "Queen's pawn"]
[ECO "A40"]
[NIC "QO.17"]
[Time "20:42:12"]
[TimeControl "180+0"]

1. d4 e6 2. Bf4 d5 3. e3 Bd6 4. Nf3 Bxf4 5. exf4 Nf6 6. Nc3 c5 7. Bd3 cxd4
8. Nxd4 Nc6 9. Nxc6 bxc6 10. O-O O-O 11. Qf3 Qa5 12. Ne2 Ba6 13. b3 Rab8 14.
Rfd1 c5 15. c4 dxc4 16. bxc4 Bb7 17. Qe3 Rbd8 18. h3 Bc6 19. Ng3 g6 20. Rd2
Qc3 21. Rad1 Qd4 22. Qe5 Nd7 23. Qxd4 cxd4 24. Be4 Ba4 25. Rb1 Nc5 26. Rb4
f5 27. Bf3 d3 28. Nf1 Rb8 29. a3 a5 30. Rxa4 Nxa4 31. Rxd3 Rfd8 32. Re3 Kf7
33. g4 Rd4 34. Kg2 Rxf4 35. Be2 Rb2 36. Kg3 g5 37. Nh2 Rd4 38. gxf5 exf5 39.
Bh5+ Kf6 40. Re8 Rxc4 41. Rf8+ Ke5 42. Nf3+ Kd6 43. Rf6+ Ke7 44. Rxf5 h6 45.
Rxa5 Nc3 46. Ra7+ Kd6 47. Rh7 Ne4+ 48. Kg4 Nf6+ 49. Kf5 Nxh7 50. Kg6 Nf8+
51. Kxh6 Ne6 52. Kg6 Rxf2 53. Ng1 Rc3 54. Ne2 Rxa3 55. Bg4 Rxe2 56. Bxe2
Rxh3 57. Bg4 Rg3 58. Bf5 Ke5 59. Kh5 Kxf5 60. Kh6 Nf4 61. Kg7 g4 62. Kf7 Nh3
63. Kg7 Nf2 64. Kh6 Rf3 65. Kh5 g3 66. Kh6 Kf4 67. Kg7 g2 68. Kf7 Nh1 69.
Kf6 g1=Q 70. Kf7 Qd4 71. Ke6 Ra3 72. Kf7 Qb6 73. Kg8 Ra7 {White resigns} 0-1